 Dungeon Crawl Stone Soup version 0.19.4-8-ga85b6b9 (webtiles) character file.

69 Kiturien the Cudgeler (level 4, 0/49 HPs)
             Began as an Ogre Berserker on Feb 13, 2017.
             Was a Believer of Trog.
             Slain by a hobgoblin (1 damage)
             ... on level 2 of the Dungeon.
             The game lasted 00:03:55 (1729 turns).

Kiturien the Cudgeler (Ogre Berserker)              Turns: 1729, Time: 00:03:56

Health: 0/49       AC:  3    Str: 23    XL:     4   Next: 20%
Magic:  4/4        EV: 10    Int:  6    God:    Trog [**....]
Gold:   100        SH:  0    Dex:  9    Spells: 0 memorised, 3 levels left

rFire  . . .     SeeInvis .     a - +0 mace
rCold  . . .     Gourm    .     b - +0 animal skin
rNeg   . . .     Faith    .     (no shield)
rPois  .         Spirit   .     (helmet restricted)
rElec  .         Reflect  .     (no cloak)
rCorr  +         Harm     +     (gloves unavailable)
MR     .....                    (boots unavailable)
Stlth  +.........               e - amulet of harm
                                (no ring)
                                j - ring of resist corrosion

@: no status effects
A: unfitting armour, tough skin 1
a: Berserk, Trog's Hand, Burn Spellbooks, Renounce Religion


You were on level 2 of the Dungeon.
You worshipped Trog.
Trog was pleased with you.
You were not hungry.

You visited 1 branch of the dungeon, and saw 3 of its levels.

You collected 100 gold pieces.

Inventory:

Hand Weapons
 a - a +0 mace (weapon)
Armour
 b - a +0 animal skin (worn)
Jewellery
 e - an amulet of harm (around neck)
 j - a ring of resist corrosion (left hand)
Scrolls
 f - 2 scrolls of identify {unknown}
 i - a scroll of remove curse {unknown}
Potions
 h - a potion of magic {unknown}
Comestibles
 c - 2 bread rations
 d - 3 meat rations
 g - 2 royal jellies


   Skills:
 + Level 4.5 Fighting
 + Level 5.1 Maces & Flails
 * Level 0.8 Armour
 + Level 3.1 Dodging
 + Level 0.5 Stealth


You had 3 spell levels left.
You didn't know any spells.

Dungeon Overview and Level Annotations

Branches:
Dungeon (3/15)

Altars:


Innate Abilities, Weirdness & Mutations

You are too large for most types of armour.
You have tough skin. (AC +1)


Message History

Terence is almost dead.
Terence hits you with a flail of protection!
* * * LOW HITPOINT WARNING * * *
The hobgoblin barely misses you.
You can't go down here!
Terence barely misses you. The hobgoblin barely misses you.
You climb upwards.
There is a stone staircase leading down here.
The hobgoblin barely misses you.
Terence hits you with a flail of protection.
* * * LOW HITPOINT WARNING * * *
You climb downwards.
There is a stone staircase leading up, spattered with blood here.
You hit Terence.
You kill Terence!
Trog accepts your kill.
Your Maces & Flails skill increases to level 5!
You have reached level 4!
The hobgoblin hits you.
You die...

#.#.#####.## #.#.##.#...##
#.#.#.#.###.## #####
#.#..###.##... # ##...###.#.##
##.#.## #.#####.....##..##
##.## ................##
##.####
...#....g......###......
##.##..@).....[.#...#)..
#.......######.....##.##
#..#.#.#.## #....###.##
#...##.##.####...####.##
#..............>...##.##
#....#.##.####..##.##.##
###.####..#.#.#.## #..##.##.##
........)......# ##..##>##...
###.#.##..###.######...##.##.##


You could see a hobgoblin.

Vanquished Creatures
  Terence (D:2)
  An adder (D:2)
  A worm (D:2)
  A leopard gecko (D:2)
  3 giant cockroaches
  4 hobgoblins
  3 jackals (D:1)
  2 quokkas (D:2)
  4 bats
  2 frilled lizards (D:1)
  3 goblins
  2 kobolds (D:2)
  3 rats (D:1)
30 creatures vanquished.

Notes
Turn   | Place    | Note
-------+----------+-------------------------------------------
     0 | D:1      | Kiturien the Ogre Berserker began the quest for the Orb.
     0 | D:1      | Reached XP level 1. HP: 24/24 MP: 1/1
   167 | D:1      | Reached XP level 2. HP: 20/32 MP: 2/2
   809 | D:2      | Reached XP level 3. HP: 39/39 MP: 3/3
  1135 | D:2      | Reached ** piety under Trog
  1198 | D:2      | Noticed Terence
  1724 | D:2      | HP: 2/40 [Terence/flail of protection (9)]
  1729 | D:2      | Killed Terence
  1729 | D:2      | Reached skill level 5 in Maces & Flails
  1729 | D:2      | Reached XP level 4. HP: 1/49 MP: 4/4
  1729 | D:2      | Slain by a hobgoblin

Skill      XL: |  1  2  3 |
---------------+----------+-----
Dodging        | 3 |  3.1
Maces & Flails | 5 |  5.1
Fighting       | |  4.5
Armour         | |  0.8
Stealth        | |  0.5

Action                   |  1- 3 |  4- 6 || total
-------------------------+-------+-------++-------
Melee: Mace              |   124 |       ||   124
  Use: Potion            |     1 |       ||     1
 Stab: Sleeping          |     3 |       ||     3
  Eat: Bread ration      |     1 |       ||     1
Armor: Animal skin       |    44 |       ||    44
Dodge: Dodged            |    95 |       ||    95
